 Dungeon Crawl Stone Soup version 0.20-a0-261-gcb1eca7 (webtiles) character file.

33 Lochraine the Magician (level 3, -2/19 HPs)
             Began as a Deep Elf Fire Elementalist on Dec 3, 2016.
             Slain by a worm (7 damage)
             ... on level 2 of the Dungeon.
             The game lasted 00:02:44 (1259 turns).

Lochraine the Magician (Deep Elf Fire Elementalist) Turns: 1259, Time: 00:02:45

Health: -2/19      AC:  2    Str:  6    XL:     3   Next: 12%
Magic:  2/10       EV: 13    Int: 19    God:
Gold:   60         SH:  0    Dex: 15    Spells: 3/9 levels left

rFire  . . .     SeeInvis .     e - +0 hunting sling
rCold  . . .     Gourm    .     a - +0 robe
rNeg   . . .     Faith    .     (no shield)
rPois  .         Spirit   .     (no helmet)
rElec  .         Reflect  .     (no cloak)
rCorr  .         Harm     .     (no gloves)
MR     .....                    (no boots)
Stlth  ++........               (no amulet)
                                (no ring)
                                (no ring)

@: very slightly contaminated
A: no striking features
a: no special abilities


You were on level 2 of the Dungeon.
You were not hungry.

You visited 1 branch of the dungeon, and saw 2 of its levels.

You collected 60 gold pieces.

Inventory:

Hand Weapons
 e - a +0 hunting sling (weapon)
 f - a +0 short sword
Missiles
 i - 36 stones (quivered)
 k - 8 sling bullets
Armour
 a - a +0 robe (worn)
Scrolls
 g - a scroll of remove curse {unknown}
 l - a scroll of recharging {unknown}
 m - a scroll of teleportation {unknown}
Potions
 d - a potion of magic {unknown}
 h - 2 potions of curing {unknown}
Books
 b - a book of Flames

   Spells                             Type                      Level
   a - Flame Tongue                   Conjuration/Fire             1
   b - Throw Flame                    Conjuration/Fire             2
   c - Conjure Flame                  Conjuration/Fire             3
   d - Inner Flame                    Hexes/Fire                   3
   e - Sticky Flame                   Conjuration/Fire             4
   f - Fireball                       Conjuration/Fire             5
Comestibles
 c - a bread ration


   Skills:
 - Level 2.4 Dodging
 - Level 2.4 Stealth
 + Level 3.9 Spellcasting
 + Level 2.1 Conjurations
 + Level 3.6 Fire Magic


You had 3 spell levels left.
You knew the following spells:

 Your Spells              Type           Power        Failure   Level  Hunger
a - Flame Tongue          Conj/Fire      ##...        6%          1    None
b - Throw Flame           Conj/Fire      ##....       10%         2    ##.....
c - Conjure Flame         Conj/Fire      ##......     14%         3    ###....


Dungeon Overview and Level Annotations

Branches:
Dungeon (2/15)

Altars:


Message History

Press: ? - help, Shift-Dir - straight line, f/p - worm
Aim: a worm The flame tongue hits the worm.
The worm is lightly wounded.
Casting: Flame Tongue
Confirm with . or Enter, or press ? or * to list all spells.
Aiming: Throw Flame
Press: ? - help, Shift-Dir - straight line, f/p - worm
Aim: a worm (lightly wounded)
The puff of flame hits the worm.
The worm is heavily wounded.
Casting: Throw Flame
Confirm with . or Enter, or press ? or * to list all spells.
Aiming: Throw Flame
Press: ? - help, Shift-Dir - straight line, f/p - worm
Aim: a worm (heavily wounded)
The puff of flame hits the worm.
The worm is severely wounded.
The worm bites you!
You die...

# .##.#########
............#
.......<..#.#
.##.#####.#.#
#.#.########...
#.#...(...(.(#
..........(###.##
####.#####@# #.#
#w# #.# ... ..#
..).. .......
.....(...
.#.........
#.#..........


You could see a worm.

Vanquished Creatures
  3 dart slugs (D:1)
  A giant cockroach (D:1)
  4 goblins
  3 hobgoblins (D:1)
  4 jackals (D:1)
  2 bats (D:1)
  2 frilled lizards (D:1)
  2 kobolds
  6 rats (D:1)
27 creatures vanquished.

Notes
Turn   | Place    | Note
-------+----------+-------------------------------------------
     0 | D:1      | Lochraine the Deep Elf Fire Elementalist began the quest for the Orb.
     0 | D:1      | Reached XP level 1. HP: 10/10 MP: 6/6
   185 | D:1      | Reached XP level 2. HP: 12/15 MP: 0/8
   999 | D:1      | Reached XP level 3. HP: 19/19 MP: 10/10
  1205 | D:1      | Learned a level 2 spell: Throw Flame
  1209 | D:1      | Learned a level 3 spell: Conjure Flame
  1259 | D:2      | Slain by a worm

Vault maps used:
D:1:      evilmike_arrival_fibonacci_small, hangedman_glass_garden, minivault_26
D:2:      uniq_crazy_yiuf_cottage, uniq_robin

Skill      XL: |  1  2 |
---------------+-------+-----
Conjurations   | 2 |  2.1
Dodging        | |  2.4
Stealth        | |  2.4
Spellcasting   | |  3.9
Fire Magic     | |  3.6

Action                   || total
-------------------------++-------
Melee: Unarmed           ||    10
 Fire: Hunting sling     ||    40
 Cast: Flame Tongue      ||    28
       Throw Flame       ||     2
  Eat: Chunk             ||     1
Armor: Robe              ||     5
Dodge: Dodged            ||    27
